 Dungeon Crawl Stone Soup version 0.24-a0-545-gd1b266b (webtiles) character file.

Game seed: 9708948666024219607

14 NeededCrab the Conjurer (level 2, 0/20 HPs)
             Began as a Draconian Conjurer on Aug 18, 2019.
             Killed from afar by Natasha (5 damage)
             ... with a magic dart
             ... on level 2 of the Dungeon.
             The game lasted 00:04:02 (1449 turns).

NeededCrab the Conjurer (Draconian Conjurer)        Turns: 1449, Time: 00:04:02

Health: 0/20       AC:  4    Str: 10    XL:     2   Next: 27%
Magic:  0/5        EV: 12    Int: 15    God:
Gold:   81         SH:  0    Dex: 11    Spells: 2/5 levels left

rFire    . . .     SeeInvis .   c - +0 short sword
rCold    . . .     Gourm    .   (no shield)
rNeg     . . .     Faith    .   (armour unavailable)
rPois    .         Spirit   .   (helmet restricted)
rElec    .         Reflect  .   (no cloak)
rCorr    .         Harm     .   (no gloves)
MR       .....                  (no boots)
Stlth    ++........             (no amulet)
HPRegen  0.06/turn              (no ring)
MPRegen  0.09/turn              (no ring)

@: no status effects
A: unfitting armour, cold-blooded, AC +4
a: no special abilities


You were on level 2 of the Dungeon.
You were not hungry.

You visited 1 branch of the dungeon, and saw 2 of its levels.

You collected 81 gold pieces.

Inventory:

Hand Weapons
 c - a +0 short sword (weapon)
Jewellery
 m - a +3 ring of dexterity {unknown}
Wands
 l - a wand of scattershot (6)
Potions
 d - 2 potions of lignification {unknown}
 f - 2 potions of heal wounds {unknown}
 g - a potion of curing {unknown}
Comestibles
 b - 2 rations
 j - 3 chunks of flesh


   Skills:
 + Level 0.2 Fighting
 - Level 2.0 Dodging
 - Level 1.7 Stealth
 + Level 2.2 Spellcasting
 * Level 4.3 Conjurations


You had 2 spell levels left.
You knew the following spells:

 Your Spells              Type           Power        Failure   Level  Hunger
a - Magic Dart            Conj           ##..         3%          1    #......
b - Searing Ray           Conj           ##....       5%          2    ###....

Your spell library contained the following spells:

 Spells                   Type           Power        Failure   Level  Hunger
 Dazzling Spray           Conj/Hex       #.....       26%         3    ###....
 Iskenderun's Mystic Bla  Conj           ##......     36%         4    #####..
 Force Lance              Conj/Tloc      #.......     65%         4    #####..
 Fulminant Prism          Conj/Hex       #.........   65%         4    #####..


Dungeon Overview and Level Annotations

Branches:
Dungeon (2/15)

Altars:

Annotations:
D:2 Natasha


Innate Abilities, Weirdness & Mutations

Your plain brown scales are hard. (AC +4)
You cannot fit into any form of body armour.
You are cold-blooded and may be slowed by cold attacks.


Message History

As you read the scroll labeled GIUSON FOERIP, it crumbles to dust.
You feel blessed for a moment.
It was a scroll of remove curse.
Your surroundings suddenly seem different.
As you read the scroll labeled MOGELEU GAQOTH, it crumbles to dust.
The scroll dissolves into smoke.
It was a scroll of fog.
Natasha, Servant of Life and Death comes into view.
She is carrying a wand of flame (14).
Natasha hisses angrily.
Natasha zaps a wand.
The puff of flame hits you!
* * * LOW HITPOINT WARNING * * *
Casting: Magic Dart (safe; 3% risk of failure)
Confirm with . or Enter, or press ? or * to list all spells.
You can't see any susceptible monsters within range! (Use Z to cast anyway.)
Casting: Magic Dart (safe; 3% risk of failure)
Confirm with . or Enter, or press ? or * to list all spells.
Aiming: Searing Ray (safe; 5% risk of failure)
Press: ? - help, Shift-Dir - straight line (Press . to maintain the ray.) Natasha stares at you and mumbles some strange words.
The magic dart hits you.
You die...

### .........#
h.# .<.......
...# .........
##§h§. #
........# #§§§§
.# ....$...#
#§§§§..#
.....>..#
#h##§.#
.......##
#§@§§#
%)......# ..#
####§....#
........# #)#
###.# ........#
#.# ........#
#.# .(......#
#.# .....(.##
#.#
....((..###.#
#######..##.###


You could see Natasha.

Vanquished Creatures
  2 goblins
  3 bats
  2 frilled lizards
  6 kobolds
  3 rats (D:1)
16 creatures vanquished.

Notes
Turn   | Place    | Note
-------+----------+-------------------------------------------
     0 | D:1      | NeededCrab the Draconian Conjurer began the quest for the
                  | Orb.
     0 | D:1      | Reached XP level 1. HP: 14/14 MP: 3/3
   918 | D:1      | Reached XP level 2. HP: 20/20 MP: 1/5
   925 | D:1      | Learned a level 2 spell: Searing Ray
  1445 | D:2      | Noticed Natasha
  1449 | D:2      | Killed from afar by Natasha

Levels and vault maps discovered:
D:1:      dpeg_arrival_pits, layout_basic
D:2:      layout_rooms, lemuel_doored_altar, first_ration, solitary_fountain,
          uniq_natasha

Skill      XL: |  1  2 |
---------------+-------+-----
Dodging        | 2 |  2.0
Fighting       | |  0.2
Stealth        | |  1.7
Spellcasting   | |  2.2
Conjurations   | |  4.3

Action                   || total
-------------------------++-------
Melee: Short sword       ||    15
 Cast: Magic Dart        ||    24
       Searing Ray       ||     2
  Use: Scroll            ||     5
  Eat: Chunk             ||     2
Armor: Skin              ||     3
Dodge: Dodged            ||     7

Table legend:
 A = Non-vault XP
 B = Vault XP
 C = Vault XP percentage of total XP
 D = Non-vault monster count
 E = Vault monster count
 F = Vault count percentage of total count
                 A         B        C        D         E       F
            +---------+---------+-------+---------+---------+-------
      Total |      20 |       0 |   0.0 |      16 |       0 |   0.0
            +---------+---------+-------+---------+---------+-------
        D:1 |      13 |       0 |   0.0 |      11 |       0 |   0.0
        D:2 |       7 |       0 |   0.0 |       5 |       0 |   0.0
            +---------+---------+-------+---------+---------+-------
